 Dungeon Crawl Stone Soup version 0.21.1-1-g345015fe64 (webtiles) character file.

12439 JOKERXD40 the Cleaver (level 11, 0/101 HPs)
             Began as a Hill Orc Fighter on June 22, 2018.
             Was an Elder of Beogh.
             Slain by a komodo dragon (21 damage)
             ... on level 12 of the Dungeon.
             The game lasted 00:36:04 (9869 turns).

JOKERXD40 the Cleaver (Hill Orc Fighter)            Turns: 9869, Time: 00:36:04

Health: 0/101      AC: 12    Str: 23    XL:     11   Next: 93%
Magic:  0/11       EV: 10    Int:  8    God:    Beogh [****..]
Gold:   752        SH: 12    Dex: 10    Spells: 10/10 levels left

rFire    . . .     SeeInvis .   H - +4 hand axe (chop)
rCold    . . .     Gourm    .   c - +0 shield
rNeg     . . .     Faith    .   b - +0 scale mail
rPois    .         Spirit   +   y - +0 helmet
rElec    .         Reflect  .   F - +0 cloak
rCorr    .         Harm     .   (no gloves)
MR       +....                  k - +0 pair of boots (curse)
Stlth    ..........             n - amulet of guardian spirit
HPRegen  0.26/turn              z - ring of protection from magic
MPRegen  0.12/turn              t - +2 ring of slaying

@: no status effects
A: no striking features
a: Smiting, Recall Orcish Followers, Renounce Religion


You were on level 12 of the Dungeon.
You worshipped Beogh.
Beogh was greatly pleased with you.
You were very hungry.

You visited 1 branch of the dungeon, and saw 13 of its levels.

You collected 837 gold pieces.
You spent 85 gold pieces at shops.

Inventory:

Hand Weapons
 a - a +1 war axe
 H - a +4 hand axe of chopping (weapon)
 I - a +1 spear
Armour
 b - a +0 scale mail (worn)
 c - a +0 shield (worn)
 k - a cursed +0 pair of boots (worn)
 y - a +0 helmet (worn)
 F - a +0 cloak (worn)
Jewellery
 n - an amulet of guardian spirit (around neck)
 p - an uncursed ring of magical power
 t - a +2 ring of slaying (right hand)
 w - an uncursed ring of fire
 z - a ring of protection from magic (left hand)
 B - an uncursed ring of flight
 D - an uncursed ring of ice
 K - an uncursed ring of protection from fire
Wands
 A - a wand of iceblast (18)
 C - a wand of random effects (23)
 J - a wand of enslavement (4)
 L - a wand of scattershot (3)
 O - a wand of acid (7)
 P - a wand of flame (35)
Scrolls
 d - 3 scrolls of random uselessness {unknown}
 g - 2 scrolls of blinking
 h - 8 scrolls of enchant armour
 j - 13 scrolls of teleportation
 l - 8 scrolls of identify
 m - 6 scrolls of remove curse
 o - 3 scrolls of magic mapping
 r - 3 scrolls of immolation {unknown}
 u - a scroll of fog {unknown}
 v - a scroll of amnesia {unknown}
Potions
 e - 3 potions of curing
 i - 5 potions of heal wounds
 q - a potion of might
 s - 4 potions of brilliance
 x - 2 potions of haste
 E - a potion of agility {unknown}
 G - a potion of degeneration {unknown}
 N - a potion of magic {unknown}
Miscellaneous
 M - a box of beasts
Comestibles
 f - 23 rations


   Skills:
 + Level 10.4 Fighting
 + Level 14.4 Axes
 + Level 9.1 Armour
 + Level 3.5 Dodging
 + Level 2.2 Stealth
 + Level 9.6 Shields
 + Level 0.1 Invocations


You had 10 spell levels left.
You didn't know any spells.

Dungeon Overview and Level Annotations

Branches:
Dungeon (13/15)            Temple (0/1) D:7            Lair (0/6) D:11
    Orc (0/2) D:12
 Vaults: D:13-14

Altars:
Ashenzari
Dithmenos
Elyvilon
Fedhas
Gozag
Qazlal
Sif Muna
Uskayaw
Vehumet
Xom
Zin
The Shining One
Beogh

Shops:
D:12 !

Annotations:
D:11 exclusion: 2 oklob plants


Message History

The skeletal warrior hits your orc wizard with a flail!
Your orc wizard dies!
The hound bites you but does no damage. The skeletal warrior barely misses you.
A mysterious force pulls you upwards. The hatch slams shut behind you.
The komodo dragon hisses angrily.
The komodo dragon bites you!
* * * LOW HITPOINT WARNING * * *
You begin recalling your allies.
Your orc knight is recalled.
Your orc is recalled.
The hound bites you.
* * * LOW HITPOINT WARNING * * *
Your orc knight hits the komodo dragon!!
You block the komodo dragon's attack. The hound bites you but does no damage.
You block the skeletal warrior's attack.
You swap places.
Your orc is recalled. x2
You finish recalling your allies.
The hound barely misses your orc knight.
The komodo dragon bites you!!
You die...

##
####.######
#..........
#oo.h...#
#o@o....#
#.loz...#
#.......#
#........#
#.........#
#####..####
..# ..#


You could see a skeletal warrior, a komodo dragon, a hound, 2 friendly orc
knights and 3 friendly orcs.

Vanquished Creatures
  A two-headed ogre (D:9)
  2 centaur warriors
  The ghost of Kholdaimon the Magician, a novice GnSk of Okawaru (D:6)
  Psyche (D:8)
  2 trolls
  Sigmund (D:3)
  A wyvern (D:10)
  3 hogs (D:10)
  A human (D:10)
  A hungry ghost (D:10)
  A yak (D:10)
  Menkaure (D:5)
  An acid dragon (D:12)
  A soldier ant (D:13)
  A water moccasin (D:8)
  4 sky beasts
  4 orc warriors
  2 ice beasts
  3 necrophages
  3 black bears
  An ogre (D:5)
  3 wolves (D:9)
  9 centaurs
  The ghost of Sapher the Grave Robber, an amateur GnNe (D:4)
  A big kobold (D:12)
  9 bullfrogs
  2 scorpions
  2 killer bees (D:11)
  3 wights (D:9)
  4 howler monkeys
  2 centaur zombies
  3 bullfrog zombies
  4 crimson imps
  8 hounds
  3 jellies
  5 orc wizards
  5 orc priests
  A bullfrog skeleton (D:9)
  An iguana (D:9)
  10 worker ants
  2 hound zombies
  3 hound skeletons
  8 adders
  2 shadow imps
  An ooze (D:4)
  2 adder zombies
  5 worms
  3 dart slugs
  4 leopard geckos
  16 orcs
  4 ball pythons
  A bat zombie (D:1)
  7 giant cockroaches
  6 goblins
  12 hobgoblins
  8 jackals
  9 kobolds
  2 quokkas
  11 bats
  7 frilled lizards
  A goblin zombie (D:4)
  4 hobgoblin zombies (D:4)
  A jackal zombie (D:8)
  2 kobold zombies (D:4)
  An orc skeleton (D:4)
  2 orc zombies (D:4)
  A quokka skeleton (D:8)
  A quokka zombie (D:1)
  9 rats
247 creatures vanquished.

Vanquished Creatures (collateral kills)
  A hydra (D:12)
  A skeletal warrior (D:13)
  A salamander (shapeshifter) (D:13)
  A centaur zombie (D:12)
  A kobold demonologist (D:12)
  2 trolls
  A hippogriff (D:12)
  Grum (D:9)
  A centaur (D:11)
  A killer bee (D:11)
  2 crimson imps
  2 centaur skeletons
  A hound (D:11)
  2 orc priests
  An orc wizard (D:13)
  A howler monkey skeleton (D:11)
  A shadow imp (D:12)
  3 orcs
  A kobold (D:12)
  A quokka (D:12)
  A plant (D:11)
27 creatures vanquished.

Vanquished Creatures (others)
  5 orc wizards
  2 orc warriors
  An orc priest (D:12)
  9 orcs
17 creatures vanquished.

Grand Total: 291 creatures vanquished

Notes
Turn   | Place    | Note
-------+----------+-------------------------------------------
     0 | D:1      | JOKERXD40 the Hill Orc Fighter began the quest for the Orb.
     0 | D:1      | Reached XP level 1. HP: 19/19 MP: 1/1
    75 | D:1      | Reached XP level 2. HP: 18/27 MP: 2/2
    89 | D:1      | HP: 1/27 [jackal (3)]
   377 | D:1      | Reached skill level 3 in Axes
   539 | D:1      | Reached XP level 3. HP: 29/33 MP: 3/3
   868 | D:2      | Found a stormy altar of Qazlal.
   870 | D:2      | Noticed a fire elemental
   870 | D:2      | Noticed an earth elemental
   871 | D:2      | Noticed an air elemental
   871 | D:2      | Noticed a water elemental
   953 | D:2      | Reached XP level 4. HP: 5/40 MP: 4/4
  1013 | D:2      | HP: 2/40 [poisoned by an adder]
  1350 | D:2      | Reached skill level 4 in Axes
  1826 | D:2      | Reached XP level 5. HP: 46/46 MP: 5/5
  2042 | D:3      | Became a worshipper of Beogh the Brigand
  2098 | D:3      | Noticed Sigmund
  2105 | D:3      | Killed Sigmund
  2105 | D:3      | Reached skill level 5 in Axes
  2105 | D:3      | Reached XP level 6. HP: 53/53 MP: 6/6
  2169 | D:3      | Found a faded altar of an unknown god.
  2608 | D:4      | Found a shimmering altar of Xom.
  2613 | D:4      | Reached skill level 1 in Dodging
  2628 | D:4      | Noticed Sapher's ghost (amateur GnNe)
  2673 | D:4      | Found a glowing golden altar of the Shining One.
  2689 | D:4      | Reached skill level 6 in Axes
  2724 | D:4      | Reached * piety under Beogh
  2738 | D:4      | Killed Sapher's ghost
  2738 | D:4      | Reached XP level 7. HP: 48/60 MP: 4/7
  3017 | D:4      | Reached skill level 5 in Fighting
  3018 | D:4      | Found a hide-covered altar of Uskayaw.
  3123 | D:5      | Entered Level 5 of the Dungeon
  3123 | D:5      | Noticed Menkaure
  3130 | D:5      | Reached skill level 7 in Axes
  3130 | D:5      | Reached skill level 5 in Armour
  3132 | D:5      | Killed Menkaure
  3132 | D:5      | Reached skill level 5 in Shields
  3199 | D:5      | Reached XP level 8. HP: 31/68 MP: 1/8
  3274 | D:5      | Reached ** piety under Beogh
  3274 | D:5      | Reached skill level 8 in Axes
  3494 | D:5      | Found a shattered altar of Ashenzari.
  3999 | D:6      | Found a radiant altar of Vehumet.
  4092 | D:6      | Noticed Kholdaimon's ghost (novice GnSk)
  4113 | D:6      | Killed Kholdaimon's ghost
  4113 | D:6      | Reached skill level 10 in Axes
  4113 | D:6      | Reached XP level 9. HP: 42/79 MP: 6/9
  4301 | D:6      | Found a deep blue altar of Sif Muna.
  4607 | D:7      | Reached skill level 1 in Stealth
  4865 | D:7      | Found a staircase to the Ecumenical Temple.
  4949 | D:7      | Found a shadowy altar of Dithmenos.
  5245 | D:8      | Found a glowing silver altar of Zin.
  5246 | D:8      | Found a deep blue altar of Sif Muna.
  5281 | D:8      | Found an opulent altar of Gozag.
  5298 | D:8      | Noticed Psyche
  5310 | D:8      | Killed Psyche
  5310 | D:8      | Reached skill level 11 in Axes
  5314 | D:8      | Found a white marble altar of Elyvilon.
  5440 | D:8      | Reached *** piety under Beogh
  5654 | D:8      | Reached XP level 10. HP: 85/88 MP: 8/10
  6163 | D:9      | Noticed a two-headed ogre
  6178 | D:9      | Killed a two-headed ogre
  6178 | D:9      | Reached skill level 12 in Axes
  7044 | D:9      | Noticed Grum
  7053 | D:9      | Killed Grum
  7360 | D:10     | Entered Level 10 of the Dungeon
  7414 | D:10     | Reached skill level 13 in Axes
  7706 | D:10     | Reached **** piety under Beogh
  7706 | D:10     | Reached XP level 11. HP: 94/97 MP: 9/11
  8248 | D:11     | Found a staircase to the Lair.
  8260 | D:11     | Gained Arkwar as an ally
  8275 | D:11     | Noticed an oklob plant
  8360 | D:11     | Noticed a centaur warrior
  8372 | D:11     | Killed a centaur warrior
  8420 | D:11     | Reached skill level 14 in Axes
  8523 | D:11     | Noticed an oklob plant
  8620 | D:11     | Your ally Arkwar died
  9089 | D:12     | Noticed an eight-headed hydra
  9097 | D:12     | Killed a nine-headed hydra
  9187 | D:12     | Found a staircase to the Orcish Mines.
  9209 | D:12     | Found a roughly hewn altar of Beogh.
  9388 | D:12     | Found Isunuoc's Distillery.
  9419 | D:12     | Bought a potion of heal wounds for 85 gold pieces
  9557 | D:12     | Reached skill level 10 in Fighting
  9605 | D:12     | Found a blossoming altar of Fedhas.
  9795 | D:13     | Noticed a centaur warrior
  9806 | D:13     | Killed a centaur warrior
  9822 | D:13     | Noticed a salamander
  9829 | D:13     | Noticed a skeletal warrior
  9836 | D:13     | Noticed a skeletal warrior
  9836 | D:13     | Noticed a skeletal warrior
  9836 | D:13     | Killed a salamander
  9837 | D:13     | Noticed a skeletal warrior
  9839 | D:13     | Noticed a skeletal warrior
  9844 | D:13     | Killed a skeletal warrior
  9869 | D:12     | Slain by a komodo dragon

Skill      XL: |  1  2  3  4  5  6  7  8  9 10 11 |
---------------+----------------------------------+-----
Axes           | 3 4 5 6 7 10 11 13 14 | 14.4
Fighting       | 4 5 7 9 10 | 10.4
Armour         | 4 5 6 7 9 |  9.1
Shields        | 4 5 6 7 8 9 |  9.6
Dodging        | 1 2 3 |  3.5
Stealth        | 1 2 |  2.2
Invocations    | |  0.1

Action                   |  1- 3 |  4- 6 |  7- 9 | 10-12 || total
-------------------------+-------+-------+-------+-------++-------
Melee: War axe           |   122 |   186 |   265 |   170 ||   743
       Hand axe          |       |       |       |   219 ||   219
Invok: Convert to Beogh  |       |     1 |       |       ||     1
       Recall Orcish Fol |       |       |       |     2 ||     2
  Use: Potion            |     1 |     4 |     2 |     3 ||    10
       Scroll            |       |     1 |     5 |     7 ||    13
 Stab: Sleeping          |       |       |     1 |       ||     1
       Distracted        |       |       |       |     2 ||     2
  Eat: Chunk             |       |     5 |     4 |     3 ||    12
       Ration            |       |     1 |     1 |     3 ||     5
Armor: Scale mail        |    78 |    63 |    65 |    81 ||   287
Dodge: Dodged            |    53 |    65 |    71 |   116 ||   305
Block: Shield            |    80 |    96 |   123 |   184 ||   483
